 Dungeon Crawl Stone Soup version 0.18-a0-24-g6e14259 (webtiles) character file.

95 Goblin1989 the Cudgeler (level 4, 24/26 HPs)
             Began as a Gargoyle Gladiator on Nov 2, 2015.
             Quit the game on level 2 of the Dungeon on Nov 3, 2015.
             The game lasted 00:04:51 (1525 turns).

Goblin1989 the Cudgeler (Gargoyle Gladiator)        Turns: 1525, Time: 00:04:51

Health: 24/26      AC:  9    Str: 18    XL:     4   Next: 65%
Magic:  4/4        EV: 11    Int: 10    God:
Gold:   64         SH:  0    Dex: 10    Spells: 0 memorised, 3 levels left

rFire  . . .     SeeInvis .     a - +0 flail
rCold  . . .     Clarity  .     g - +0 ring mail
rNeg   + . .     SustAt   .     (no shield)
rPois  ∞         Gourm    .     c - +0 helmet
rElec  +         Spirit   .     (no cloak)
rCorr  .         Warding  .     (no gloves)
rMut   .         Stasis   .     (no boots)
MR     .....                    (no amulet)
Stlth  ..........               (no ring)
                                (no ring)

@: not resistant to hostile enchantments, extremely unstealthy
A: negative energy resistance 1, electricity resistance, unbreathing,
petrification resistance, rot immunity, AC +3
a: no special abilities


You were on level 2 of the Dungeon.
You were not hungry.

You visited 1 branch of the dungeon, and saw 2 of its levels.

You collected 64 gold pieces.

Inventory:

Hand Weapons
 a - a +0 flail (weapon)
Missiles
 d - 5 throwing nets (quivered)
 j - 5 tomahawks
Armour
 c - a +0 helmet (worn)
 g - a +0 ring mail (worn)
Scrolls
 f - 2 scrolls of remove curse {unknown}
 h - a scroll of immolation {unknown}
 i - 4 scrolls of fear {unknown}
 l - 2 scrolls of recharging {unknown}
 m - 2 scrolls of identify {unknown}
Potions
 b - a potion of invisibility {unknown}
 k - a potion of curing {unknown}
 p - a potion of heal wounds {unknown}
 q - a potion of beneficial mutation {unknown}
Comestibles
 e - 2 bread rations
 n - 4 fruits
 o - a chunk of flesh


   Skills:
 - Level 2.1 Fighting
 + Level 5.2 Maces & Flails
 - Level 1.7 Throwing
 - Level 2.4 Dodging


You had 3 spell levels left.
You didn't know any spells.

Dungeon Overview and Level Annotations

Branches:
Dungeon (2/15)

Altars:


Innate Abilities, Weirdness & Mutations

You are resistant to torment.
Your stone body is resilient (AC +3).
You are immune to poison.
You resist negative energy.
You are resistant to electric shocks.
You can survive without breathing.
You are immune to petrification.
You are immune to rotting.


Message History

No target in view!
No target in view!
No target in view!
No target in view!
No target in view!
No target in view!
No target in view!
No target in view!
No target in view!
Welcome back, Goblin1989 the Gargoyle Gladiator.
Press ? for a list of commands and other information.
Wear which item? (? for menu, Esc to quit)
You don't have any such object.
Wear which item? (? for menu, Esc to quit)
Okay, then.
Unknown command.
Unknown command.
Quiver which item? (- for none, * to show all) (? for menu, Esc to quit)
Okay, then.
Are you sure you want to abandon this character and quit the game? (Confirm with "yes".)

#......).##### ##.
#.....##[# #..
#....###.# ###.#
#....# #.# #...#
#....# #.# #.###
##..## #.# ####.# #..#
..# ###....# ###
###############.).####
......†@........###
#################


There were no monsters in sight!

Vanquished Creatures
  Terence (D:2)
  2 adders (D:2)
  An ooze (D:2)
  A ball python (D:2)
  6 bats
  4 giant cockroaches
  2 goblins
  4 hobgoblins
  8 jackals
  8 kobolds
  2 giant geckos (D:2)
  2 giant newts
  3 rats
44 creatures vanquished.

Notes
Turn   | Place    | Note
--------------------------------------------------------------
     0 | D:1      | Goblin1989 the Gargoyle Gladiator began the quest for the Orb.
     0 | D:1      | Reached XP level 1. HP: 12/12 MP: 1/1
   177 | D:1      | Reached XP level 2. HP: 17/17 MP: 2/2
   585 | D:1      | Reached skill level 4 in Maces & Flails
   635 | D:1      | Reached XP level 3. HP: 21/21 MP: 3/3
  1403 | D:2      | Reached XP level 4. HP: 22/26 MP: 4/4
  1465 | D:2      | Noticed Terence
  1483 | D:2      | Killed Terence
  1483 | D:2      | Reached skill level 5 in Maces & Flails
  1525 | D:2      | Upgraded the game from 0.18-a0-23-g19353e1 to 0.18-a0-24-g6e14259
  1525 | D:2      | Quit the game

Vault maps used:
D:1:      co_arrival_square_in_a_square_in_a_square, minmay_misc_feat_encased
D:2:      nemelex_altar_shiori, uniq_terence

Action                   |  1- 3 |  4- 6 || total
-------------------------+-------+-------++-------
Melee: Flail             |   140 |    45 ||   185
  Eat: Chunk             |     1 |     1 ||     2
